Map: Lightshade LE

Players

HeroMarine - Winner!

  • Race: Terran Terran
  • League: Grandmaster

soul

  • Race: Terran Terran
  • League: Master

Event: TSL 7

VOD

Have the link to the VOD?

Description

Time

  • Played on: June 19, 2021, 1:56 p.m.
  • Length: 13:24

All games in this series

Show
View Real Time Build Order
Export as new Build Order

HeroMarine Terran - Winner!

Build Orders:  

Get SALT Encoding   

  12  0:00  SCV  
  13  0:12  SCV  
  14  0:17  Supply Depot  
  14  0:24  SCV  
  15  0:38  SCV  
  15  0:41  Barracks  
  16  0:43  Refinery  
  16  0:50  SCV  
  16  0:53  Refinery  
  17  1:02  SCV  
  18  1:15  SCV  
  19  1:27  Orbital Command  
  19  1:28  Reaper  
  19  1:30  Supply Depot  
  20  1:43  Factory  
  20  1:53  SCV  
  21  2:01  Barracks Reactor  
  21  2:05  SCV  
  22  2:17  SCV  
  23  2:24  Command Center  
  23  2:28  Hellion  
  23  2:29  SCV  
  26  2:37  Reaper x2  
  28  2:41  Supply Depot  
  28  2:43  SCV  
  29  2:50  Hellion  
  31  2:56  Starport  
  31  3:02  SCV  
  32  3:09  Reaper x2  
  32  3:12  Hellion  
  36  3:15  SCV  
  37  3:21  Refinery  
  37  3:27  SCV  
  38  3:32  Starport Tech Lab  
  38  3:34  Factory Tech Lab  
  38  3:39  SCV  
  38  3:40  Marine  
  38  3:41  Orbital Command, Marine  
  41  3:51  SCV  
  41  3:53  Cyclone  
  45  3:58  Marine  
  45  4:02  Raven  
  48  4:06  SCV  
  46  4:11  Marine  
  46  4:16  SCV, Marine  
  48  4:18  SCV  
  49  4:27  Supply Depot  
  49  4:28  SCV  
  49  4:30  Siege Tank  
  54  4:34  SCV  
  54  4:39  Supply Depot  
  54  4:48  SCV x2, Raven, Marine x2  
  58  5:00  SCV x2  
  58  5:05  Siege Tank  
  62  5:07  Command Center  
  62  5:10  Supply Depot  
  62  5:12  SCV x2  
  62  5:13  Marine  
  65  5:14  Marine  
  65  5:19  Refinery  
  66  5:26  SCV  
  66  5:27  SCV  
  68  5:32  Supply Depot  
  68  5:37  Siege Tank  
  68  5:39  SCV x2  
  68  5:42  Viking x2  
  75  5:44  Marine  
  75  5:48  Stimpack  
  76  5:51  SCV x2  
  77  6:00  Barracks  
  77  6:01  Barracks  
  76  6:05  SCV x2  
  76  6:09  Siege Tank  
  81  6:12  Viking x2  
  81  6:17  SCV  
  86  6:18  Supply Depot  
  86  6:19  SCV  
  86  6:23  Engineering Bay x2  
  87  6:29  SCV, Marine  
  87  6:31  SCV  
  90  6:41  SCV  
  90  6:42  Viking x2  
  90  6:43  SCV  
  90  6:44  Siege Tank  
  99  6:47  Barracks Reactor  
  99  6:48  Barracks Reactor  
  99  6:52  Orbital Command  
  99  6:54  Barracks  
  99  6:57  SCV  
  99  6:58  SCV  
  99  6:59  Barracks  
  99  7:00  Marine  
  102  7:03  Terran Infantry Weapons Level 1  
  102  7:04  Terran Infantry Armor Level 1  
  102  7:09  SCV  
  102  7:10  SCV  
  101  7:19  SCV  
  101  7:21  SCV  
  96  7:26  Viking x2  
  96  7:27  Siege Tank  
  90  7:30  SCV  
  90  7:31  SCV, Marine  
  90  7:32  Marine x4  
  90  7:34  Refinery x2  
  90  7:35  SCV  
  97  7:42  SCV  
  97  7:43  SCV  
  99  7:47  SCV  
  99  7:49  Marine x2  
  99  7:50  Marine x2  
  99  7:51  Barracks Reactor x2  
  104  7:52  Marine  
  104  7:54  SCV  
  104  7:55  SCV, Supply Depot  
  104  7:56  Supply Depot  
  107  7:59  SCV  
  107  8:04  Sensor Tower  
  108  8:12  SCV  
  109  8:13  Combat Shield  
  109  8:16  SCV, Viking x2, Siege Tank  
  109  8:17  Marine x2  
  109  8:18  Marine  
  120  8:20  Marine x2  
  122  8:34  SCV x2  
  110  8:35  SCV, Marine x3  
  110  8:36  Marine x2  
  110  8:37  Marine x2  
  110  8:39  Marine  
  110  8:40  Marine  
  100  8:46  SCV, Liberator x2  
  107  8:53  Marine x3  
  107  8:54  Marine x3  
  107  8:55  Marine  
  109  8:57  Marine x2  
  109  9:01  Siege Tank  
  114  9:10  Marine x2  
  114  9:11  Marine  
  114  9:12  Marine x4  
  114  9:15  Marine x2  
  114  9:16  SCV  
  114  9:17  SCV x2  
  110  9:28  SCV, Marine x2  
  110  9:29  Refinery, Marine x2  
  110  9:30  Marine x3  
  118  9:31  Armory  
  118  9:32  Medivac  
  118  9:33  Marine x2, Medivac  
  124  9:41  Supply Depot  
  124  9:45  Supply Depot x2  
  124  9:46  Marine  
  124  9:51  Marine x2  
  125  9:52  Marine x2  
  125  9:56  Marine x3  
  125  10:02  Marine  
  125  10:03  Siege Tank  
  125  10:04  Marine, Supply Depot  
  125  10:05  Supply Depot  
  130  10:07  SCV  
  130  10:08  SCV  
  130  10:09  Marine x2  
  130  10:10  Marine x2  
  130  10:11  Orbital Command  
  122  10:14  Marine x3  
  122  10:20  SCV x2, Marine  
  111  10:22  Marine  
  111  10:26  Marine  
  111  10:27  Marine  
  111  10:28  Marine x2  
  104  10:32  SCV x2, Marine x3  
  104  10:35  Siege Tank  
  103  10:38  Marine  
  103  10:39  Marine  
  103  10:40  Medivac  
  103  10:41  Medivac  
  109  10:44  Marine x2  
  109  10:46  Marine x2  
  113  10:50  Marine x3  
  113  10:56  Marine  
  116  10:57  Marine  
  116  11:02  Marine x2  
  116  11:04  Marine x2  
  103  11:07  Siege Tank  
  103  11:08  Marine x3  
  103  11:10  Medivac  
  103  11:11  Medivac  
  115  11:14  Marine  
  115  11:15  Marine  
  117  11:20  Marine x2  
  117  11:22  Marine  
  112  11:28  Marine  
  112  11:29  Marine  
  112  11:30  Marine x2  
  112  11:31  Marine  
  107  11:33  Marine  
  107  11:38  Marine x2  
  107  11:39  Marine  
  110  11:40  Liberator, Siege Tank  
  110  11:41  Liberator  
  110  11:46  Marine x2  
  121  11:47  Marine x2  
  121  11:49  Marine  
  121  11:51  Marine  
  110  11:55  Marine  
  110  11:56  Marine  
  110  11:57  Marine  
  110  12:00  SCV  
  107  12:01  SCV x2  
  107  12:04  Marine x2  
  107  12:05  Marine x2  
  107  12:07  Marine  
  112  12:09  Marine  
  112  12:12  SCV, Siege Tank  
  112  12:13  SCV x2, Marine  
  112  12:14  Marine  
  110  12:23  Marine x2, Medivac  
  110  12:24  Marine  
  110  12:25  SCV x3  
  110  12:29  Marine  
  115  12:30  Marine  
  115  12:36  Marine  
  114  12:37  SCV x2  
  114  12:38  SCV, Marine  
  114  12:40  Marine x2  
  114  12:42  Marine  
  119  12:44  Siege Tank  
  119  12:47  Marine x2  
  119  12:48  Marine x2  
  119  12:49  SCV  
  119  12:54  Marine  
  119  12:56  Marine  
  119  12:58  Marine  
  123  13:02  Marine x2  
  123  13:05  Marine x2  
Show
View Real Time Build Order
Export as new Build Order

soul Terran 

Build Orders:  

Get SALT Encoding   

  12  0:00  SCV  
  13  0:12  SCV  
  14  0:17  Supply Depot  
  14  0:24  SCV  
  15  0:38  SCV  
  15  0:40  Barracks  
  16  0:44  Refinery  
  16  0:50  SCV  
  16  0:54  Refinery  
  17  1:03  SCV  
  18  1:15  SCV  
  19  1:27  Reaper, Orbital Command  
  19  1:29  Supply Depot  
  20  1:44  Factory  
  20  1:53  SCV  
  21  1:59  Reaper  
  22  2:05  SCV  
  23  2:17  SCV  
  24  2:22  Command Center  
  24  2:28  Hellion  
  26  2:31  SCV  
  26  2:34  Barracks Reactor  
  27  2:41  Supply Depot  
  27  2:43  SCV  
  28  2:49  Hellion  
  30  2:55  Starport  
  30  2:57  SCV  
  31  3:09  SCV  
  31  3:11  Marine x2  
  31  3:12  Factory Tech Lab  
  34  3:18  Refinery  
  34  3:21  SCV  
  35  3:30  Cyclone  
  35  3:31  Starport Tech Lab  
  35  3:34  SCV  
  39  3:36  Orbital Command  
  39  3:38  Marine  
  40  3:42  Marine  
  40  3:46  SCV  
  42  3:50  Raven  
  44  3:56  Supply Depot  
  44  3:58  SCV  
  43  4:05  Siege Tank  
  43  4:07  SCV  
  43  4:10  SCV  
  43  4:14  Marine  
  42  4:19  SCV  
  42  4:20  Marine  
  43  4:24  SCV  
  43  4:31  SCV  
  45  4:32  Marine  
  45  4:35  Raven  
  45  4:36  SCV  
  49  4:42  Marine  
  49  4:43  SCV  
  51  4:48  SCV  
  51  4:50  Marine  
  51  4:52  Siege Tank  
  56  4:55  SCV  
  56  4:57  Supply Depot  
  56  4:59  Supply Depot  
  57  5:00  SCV, Marine  
  56  5:08  Marine  
  56  5:13  Command Center  
  57  5:16  SCV  
  57  5:17  Refinery  
  57  5:19  SCV  
  59  5:22  Raven  
  59  5:26  Supply Depot  
  61  5:28  SCV  
  61  5:31  SCV  
  61  5:34  Siege Tank  
  61  5:35  Marine x2  
  68  5:40  SCV  
  69  5:43  SCV  
  70  5:50  Supply Depot  
  70  5:52  Marine  
  70  5:53  SCV, Marine  
  70  5:56  SCV  
  74  5:58  Barracks  
  74  6:00  Barracks  
  74  6:05  SCV, Engineering Bay  
  74  6:07  Engineering Bay  
  74  6:08  SCV, Siege Tank  
  79  6:17  Viking x2  
  79  6:18  SCV  
  84  6:22  Stimpack  
  84  6:23  Marine  
  84  6:24  SCV  
  86  6:30  SCV  
  87  6:36  SCV, Sensor Tower  
  88  6:40  Siege Tank  
  88  6:42  SCV  
  91  6:47  Barracks Reactor x2  
  91  6:48  Viking  
  91  6:52  Marine  
  91  6:53  Orbital Command  
  91  6:54  SCV x2  
  95  7:00  Barracks  
  96  7:01  Barracks, Supply Depot  
  96  7:06  SCV  
  96  7:08  Viking  
  98  7:11  SCV  
  98  7:13  Marine, Siege Tank  
  102  7:18  Viking  
  98  7:24  SCV  
  98  7:25  Marine  
  98  7:26  SCV  
  98  7:28  Marine  
  98  7:29  SCV, Marine  
  95  7:30  Marine  
  95  7:31  Marine  
  95  7:32  Terran Infantry Weapons Level 1  
  95  7:36  SCV  
  98  7:38  Viking  
  98  7:43  Marine  
  101  7:45  SCV, Siege Tank  
  101  7:46  Marine  
  101  7:47  Marine  
  101  7:48  Marine  
  101  7:49  Marine  
  109  7:52  Barracks Reactor  
  109  7:54  Refinery  
  109  7:55  Barracks Reactor, Refinery  
  109  7:58  Supply Depot  
  109  8:01  SCV, Marine  
  109  8:04  Marine  
  109  8:05  Marine  
  113  8:06  Marine x2  
  113  8:09  Combat Shield  
  113  8:10  SCV  
  116  8:17  Supply Depot  
  116  8:19  Marine, Supply Depot  
  117  8:22  Marine x2  
  117  8:24  Marine x2  
  121  8:31  Marine  
  107  8:35  Marine  
  107  8:36  Marine  
  107  8:37  Marine  
  107  8:38  Marine  
  107  8:39  Marine  
  107  8:40  Marine, Medivac x2  
  107  8:41  SCV  
  108  8:42  Marine x2  
  108  8:45  Siege Tank  
  113  8:48  Marine  
  113  8:51  SCV  
  113  8:53  Marine  
  113  8:54  Marine  
  113  8:55  Marine  
  112  8:56  Marine  
  112  8:57  Marine  
  112  8:58  Marine  
  112  8:59  Armory  
  112  9:00  Marine  
  116  9:03  Marine  
  116  9:05  Factory  
  116  9:06  Marine  
  117  9:10  Command Center  
  117  9:11  Marine  
  117  9:12  Marine  
  117  9:13  Marine  
  117  9:14  Marine  
  117  9:15  Marine  
  117  9:16  Marine  
  112  9:17  Marine  
  112  9:21  Marine  
  112  9:22  Siege Tank  
  104  9:24  Marine  
  104  9:25  Medivac  
  104  9:29  Marine, Medivac  
  104  9:30  Marine x2  
  112  9:32  Marine  
  112  9:33  SCV x3  
  112  9:37  Marine x2  
  118  9:38  Marine  
  118  9:39  Marine  
  118  9:43  Marine  
  121  9:46  Marine  
  121  9:47  Sensor Tower  
  121  9:48  Marine x2  
  121  9:50  Marine  
  123  9:55  Marine x2, Siege Tank  
  123  9:56  Marine x2  
  122  10:01  Marine  
  122  10:04  Marine  
  122  10:06  Marine x2  
  126  10:07  Marine  
  126  10:13  Marine x2  
  126  10:14  Marine x2  
  126  10:19  Marine  
  116  10:22  Marine  
  116  10:23  Marine  
  116  10:24  Marine  
  116  10:25  Marine  
  116  10:27  Siege Tank  
  116  10:30  Marine  
  116  10:31  Marine  
  116  10:32  Marine x2  
  99  10:36  Orbital Command  
  99  10:37  Marine  
  99  10:40  Terran Infantry Armor Level 1, Terran Infantry Weapons Level 2, Marine  
  99  10:41  Marine  
  99  10:42  Marine  
  102  10:43  Marine  
  102  10:44  Factory Tech Lab  
  102  10:46  Medivac  
  102  10:47  Medivac  
  102  10:48  Marine x2  
  109  10:50  Marine x2  
  109  10:55  Marine  
  108  10:58  Marine  
  108  10:59  Marine x2, Siege Tank  
  108  11:01  Marine  
  100  11:06  Marine x2, Terran Vehicle Weapons Level 1  
  100  11:07  Marine  
  100  11:08  Marine  
  104  11:12  Marine  
  104  11:16  Marine, Medivac  
  104  11:17  Marine x2  
  110  11:19  Marine  
  110  11:24  Marine x2  
  93  11:25  Marine x2  
  93  11:30  Marine  
  93  11:31  Siege Tank  
  91  11:33  Marine  
  91  11:35  Marine x2  
  91  11:36  Marine, Medivac  
  97  11:42  Marine x2  
  97  11:43  Marine x2  
  101  11:48  Marine  
  101  11:51  Marine  
  101  11:52  Marine  
  101  11:53  Marine  
  98  11:54  Marine, Siege Tank  
  98  11:59  Marine  
  98  12:00  Marine  
  98  12:01  Marine x2  
  94  12:03  Siege Tank  
  94  12:06  Marine  
  94  12:09  Marine  
  94  12:10  Marine  
  94  12:11  Marine  
  94  12:12  Marine  
  81  12:17  Marine x2  
  81  12:19  Marine x2  
  83  12:24  Marine  
  83  12:26  Siege Tank  
  83  12:27  Marine  
  83  12:28  Marine  
  83  12:29  Marine  
  75  12:30  Marine  
  75  12:35  Marine x2  
  75  12:37  Marine x2  
  73  12:42  Marine  
  73  12:43  Medivac  
  75  12:45  Marine  
  75  12:46  Marine x2  
  75  12:48  Marine  
  69  12:53  Marine, Medivac  
  69  12:56  Marine  
  65  13:02  Marine  
Tags
 
Add a new tag
Caveats
  • Supply blocks, unpowered buildings, or Contaminate may cause inaccurate times.
  • Supply counts are checked every 10 seconds.